 Dungeon Crawl Stone Soup version 0.31-a0-986-g5e6e4ef867 (webtiles) character file.

Game seed: 8698182335647339571

1022 Dittersdorf the Covered (level 8, -1/51 HPs)
             Began as a Gargoyle Fighter on Nov 6, 2023.
             Was an Initiate of Gozag.
             Slain by an iguana (9 damage)
             ... on level 4 of the Dungeon.
             The game lasted 00:04:22 (3592 turns).

Dittersdorf the Covered (Gargoyle Fighter)          Turns: 3592, Time: 00:04:23

Health: -1/51      AC: 25    Str: 22    XL:     8   Next: 22%
Magic:  8/8        EV:  8    Int:  9    God:    Gozag
Gold:   224        SH:  5    Dex:  9    Spells: 7/7 levels left

rFire   . . .        j - +1 flail (protect)
rCold   . . .        c - +0 buckler
rNeg    + . .        w - +0 chain mail
rPois   ∞            (no helmet)
rElec   +            u - +0 cloak
rCorr   +            (no gloves)
SInv    .            h - +0 pair of boots
Will    .....        (no amulet) Stlth
                     i - ring of resist corrosion
HPRegen 0.28/turn    o - ring of wizardry
MPRegen 0.11/turn

%: wizardry (x1)
@: gold aura, under a protective aura
A: sickness immunity, AC +5, negative energy resistance 1, electricity
resistance, torment resistance 1, petrification resistance
a: Renounce Religion, Potion Petition, Call Merchant, Bribe Branch


You were on level 4 of the Dungeon.
You worshipped Gozag.
Gozag was aware of your devotion.
You visited 2 branches of the dungeon, and saw 6 of its levels.

You collected 308 gold pieces.
You paid 84 gold pieces to Gozag.

Inventory:

Hand Weapons
 j - a +1 flail of protection (weapon)
Missiles
 p - a throwing net
Armour
 c - a +0 buckler (worn)
 h - a +0 pair of boots (worn)
 u - a +0 cloak (worn)
 w - a +0 chain mail (worn)
Jewellery
 i - a ring of resist corrosion (left hand)
 o - a ring of wizardry (right hand)
Wands
 s - a wand of quicksilver (9)
 t - a wand of paralysis (9) (quivered)
 v - a wand of flame (13)
Scrolls
 a - a scroll of revelation {unknown}
 f - 2 scrolls of blinking {unknown}
 g - a scroll of brand weapon {unknown}
 k - a scroll of teleportation
 m - a scroll of enchant weapon {unknown}
 n - 2 scrolls of identify {unknown}
 q - a scroll of fog {unknown}
Potions
 d - 4 potions of might
 e - 2 potions of degeneration {unknown}
 l - a potion of ambrosia {unknown}
 r - 2 potions of magic {unknown}


   Skills:
 + Level 6.0 Fighting
 + Level 4.9 Maces & Flails
 + Level 6.1 Armour
 + Level 6.0 Shields


You had 7 spell levels left.
You didn't know any spells.
Your spell library contained the following spells:

 Spells                   Type           Power      Damage    Failure   Level
 Apportation              Tloc           0%         N/A       69%         1
 Jinxbite                 Hex            0%         N/A       82%         2
 Alistair's Intoxication  Tmut/Pois      0%         N/A       100%        5


Dungeon Overview and Level Annotations

Branches:
Dungeon (5/15)             Temple (1/1) D:4

Altars:
Ashenzari
Cheibriados
Dithmenos
Fedhas
Gozag
Hepliaklqana
Kikubaaqudgha
Makhleb
Nemelex Xobeh
Okawaru
Qazlal
Ru
Sif Muna
Trog
Uskayaw
Vehumet
Wu Jian
Xom
Yredelemnul
Zin
The Shining One


Innate Abilities, Weirdness & Mutations

You are immune to sickness and miasma.
Your stone body is resilient. (AC +5)
You are immune to poison.
You resist negative energy. (rN+)
You are resistant to electric shocks. (rElec)
You are resistant to unholy torment.
You are immune to petrification.


Message History

You climb upwards.
There is a stone staircase leading down, spattered with blood here.
You hit the orc priest.
Your weapon exudes an aura of protection.
The orc priest is lightly wounded.
The iguana closely misses you.
The iguana bites you but does no damage.
The orc priest mumbles some strange prayers to Beogh against you.
You struggle to resist.
You barely miss the orc priest.
The orc priest is lightly wounded.
The iguana bites you but does no damage.
The iguana bites you.
The orc priest hits you but does no damage.
The iguana bites you but does no damage.
You thump the orc priest!
The orc priest is severely wounded.
The orc priest hits you but does no damage.
The iguana bites you but does no damage.
You block the iguana's attack.
The orc priest calls down the wrath of Beogh upon you.
Beogh smites you!
The iguana bites you but does no damage.
You hit the orc priest.
The orc priest is almost dead.
The iguana bites you.
The iguana bites you but does no damage.
The orc priest calls down the wrath of Beogh upon you.
Beogh smites you!
* * * LOW HITPOINT WARNING * * *
You completely miss the orc priest.
The orc priest is almost dead.
The iguana bites you but does no damage. x2
The orc priest hits you but does no damage.
You sock the orc priest!
You kill the orc priest!
The iguana bites you but does no damage.
The iguana bites you!
You die...
Your body crumbles into a pile of gold.

##### ##...## #.###.## ### .##
##.# ##.###### .# #.# #.#......
.## ##.# ##..###### #.###.##
#######...## ##...##
#######..........# ##.##
#...$@l.....#...## #.#
#.##l######.##.## #.# #.##.####
#.##.# #.# #.....).# #.##.#
###.##### ####.##)# #.##+##
........# #.##)# #.#...##
###.###.# #.##.###......##
#.#...#.# ##.).[.)<.......##
...##.#.######...#.##..).[....###


You could see 2 iguanas.

Vanquished Creatures
  A two-headed ogre (D:5)
  2 scorpions (D:4)
  An orc priest (D:4)
  2 hounds (D:4)
  Jessica (D:3)
  Ijyb (D:4)
  7 gnolls (D:4)
  5 adders
  3 worms
  3 dart slugs
  6 orcs (D:4)
  8 endoplasms
  5 giant cockroaches
  7 goblins
  8 hobgoblins
  5 kobolds
  4 quokkas
  10 ball pythons
  4 bats
  4 frilled lizards
  3 rats
90 creatures vanquished.

Notes
Turn   | Place    | Note
-------+----------+-------------------------------------------
     0 | D:1      | Dittersdorf the Gargoyle Fighter began the quest for the
                  | Orb.
     0 | D:1      | Reached XP level 1. HP: 14/14 MP: 1/1
   104 | D:1      | Reached XP level 2. HP: 16/19 MP: 2/2
   568 | D:2      | Reached XP level 3. HP: 23/23 MP: 3/3
  1027 | D:2      | Reached XP level 4. HP: 29/29 MP: 4/4
  1373 | D:3      | Found a faded altar of an unknown god.
  1425 | D:3      | Found a shadowy altar of Dithmenos.
  1534 | D:3      | Noticed Jessica
  1538 | D:3      | Killed Jessica
  1588 | D:3      | Reached XP level 5. HP: 25/33 MP: 5/5
  2233 | D:4      | Reached XP level 6. HP: 33/39 MP: 6/6
  2559 | D:4      | You fall into a shaft and drop 1 floor!
  2559 | D:5      | Entered Level 5 of the Dungeon
  2560 | D:5      | Noticed a two-headed ogre
  2566 | D:5      | Killed a two-headed ogre
  2567 | D:5      | Reached skill level 5 in Fighting
  2567 | D:5      | Reached skill level 5 in Armour
  2567 | D:5      | Reached skill level 5 in Shields
  2567 | D:5      | Reached XP level 7. HP: 45/45 MP: 7/7
  2567 | D:5      | Reached XP level 8. HP: 51/51 MP: 8/8
  2914 | D:4      | Found a staircase to the Ecumenical Temple.
  2914 | D:4      | Identified the +2 ring mail of Bobbameq {Fly rC+}
  2932 | Temple   | Entered the Ecumenical Temple
  2950 | Temple   | Became a worshipper of Gozag Ym Sagoz the Greedy
  3407 | D:4      | Noticed Ijyb
  3420 | D:4      | Killed Ijyb
  3592 | D:4      | Slain by an iguana

Illustrated notes

Levels and vault maps discovered:
D:1:      ncdulo_halloftheorcs, layout_basic, minmay_cupped
D:2:      minmay_recursive_quarters, layout_rooms, grunt_ministairs_15,
          minmay_tall_x
D:3:      layout_basic, nicolae_dithmenos_shadow_blocks,
          ebering_ecumenical_altar_hall, uniq_jessica
D:4:      layout_loops_corners, temple_pool_b, uniq_ijyb
D:5:      layout_rooms, serial_aquarium, aquarium_bridge_square
          [aquarium_subvault_bridge, aquarium_subvault_wall,
          aquarium_subvault_wall, aquarium_subvault_wall], aquarium_window_2,
          aquarium_window_fake, aquarium_view_2b, aquarium_view_2b,
          aquarium_balcony_1a, aquarium_pool_2
Temple:   nicolae_temple_bog_church

Skill      XL: |  1  2  3  4  5  6  7  8 |
---------------+-------------------------+-----
Fighting       | 4 5 6 |  6.0
Armour         | 4 5 6 |  6.1
Shields        | 4 5 6 |  6.0
Maces & Flails | 3 4 |  4.9

Action                     |  1- 3 |  4- 6 |  7- 9 || total
---------------------------+-------+-------+-------++-------
  Melee: Flail             |   112 |   161 |    64 ||   337
  Evoke: Wand              |       |     4 |       ||     4
    Use: Scroll            |       |     4 |       ||     4
   Stab: Distracted        |       |       |     1 ||     1
 Armour: Scale mail        |   126 |   101 |    49 ||   276
         Chain mail        |       |       |    26 ||    26
  Dodge: Dodged            |    62 |    65 |    50 ||   177
  Block: Buckler           |    34 |    39 |    21 ||    94

Table legend: (Time is in decaauts)
 A = Elapsed time spent in this place.
 B = Non-inter-level travel time spent in this place.
 C = Inter-level travel time spent in this place.
 D = Time resting spent in this place.
 E = Time spent auto-exploring this place.
 F = Levels seen in this place.
 G = Mean time per level.
                   A        B        C        D        E       F      G
               +--------+--------+--------+--------+--------+-----+--------+
         Total |   3687 |   3575 |    112 |    264 |   2425 |   6 |  614.5 |
       Dungeon |   3634 |   3533 |    101 |    264 |   2425 |   5 |  726.8 |
        Temple |     53 |     42 |     11 |      0 |      0 |   1 |   53.0 |
               +--------+--------+--------+--------+--------+-----+--------+

Top non-repeatable levels by time:
     D:4: 1433 daAuts
     D:2: 792 daAuts
     D:3: 760 daAuts
     D:1: 568 daAuts
     D:5: 78 daAuts
  Temple: 53 daAuts
